 Dungeon Crawl Stone Soup version 0.27-a0-1200-g94dc6ad4cf (webtiles) character file.

Game seed: 16776095598061348723

245 bande the Covered (level 6, -1/38 HPs)
             Began as a Gargoyle Fighter on May 31, 2021.
             Slain by a killer bee (7 damage)
             ... on level 5 of the Dungeon.
             The game lasted 00:06:59 (4590 turns).

bande the Covered (Gargoyle Fighter)                Turns: 4590, Time: 00:06:59

Health: -1/38      AC: 12    Str: 21    XL:     6   Next: 10%
Magic:  6/6        EV:  8    Int:  8    God:
Gold:   186        SH: 10    Dex: 10    Spells: 5/5 levels left

rFire    . . .     SeeInvis .   a - +0 war axe
rCold    . . .     Faith    .   c - +1 kite shield
rNeg     + . .     Spirit   .   b - +0 scale mail
rPois    ∞         Reflect  .   m - +0 helmet
rElec    +         Harm     .   (no cloak)
rCorr    .         Rampage  .   (no gloves)
Will     .....                  (no boots)
Stlth    ..........             (no amulet)
HPRegen  0.12/turn              (no ring)
MPRegen  0.10/turn              (no ring)

@: attractive, flying, very slightly contaminated, invisible
A: sickness immunity, AC +4, negative energy resistance 1, electricity
resistance, torment resistance 1, petrification resistance
a: no special abilities


You were on level 5 of the Dungeon.
You visited 1 branch of the dungeon, and saw 5 of its levels.

You collected 186 gold pieces.

Inventory:

Hand Weapons
 a - a +0 war axe (weapon)
 e - a +0 flail
Armour
 b - a +0 scale mail (worn)
 c - a +1 kite shield (worn)
 m - a +0 helmet (worn)
Jewellery
 i - a +4 ring of evasion
 j - a ring of willpower
Scrolls
 h - a scroll of noise {unknown}
 k - a scroll of magic mapping
 l - a scroll of blinking


   Skills:
 + Level 3.8 Fighting
 + Level 3.6 Axes
 + Level 4.6 Armour
 + Level 0.9 Dodging
 + Level 4.5 Shields


You had 5 spell levels left.
You didn't know any spells.
Your spell library contained the following spells:

 Spells                   Type           Power      Damage    Failure   Level
 Corona                   Hex            0%         N/A       99%         1
 Slow                     Hex            0%         N/A       100%        2
 Inner Flame              Hex/Fire       0%         N/A       100%        3
 Portal Projectile        Hex/Tloc       0%         N/A       100%        3
 Cause Fear               Hex            0%         N/A       100%        4
 Leda's Liquefaction      Hex/Erth       0%         N/A       100%        4


Dungeon Overview and Level Annotations

Branches:
Dungeon (5/15)
 Temple: D:4-7

Altars:
Uskayaw


Innate Abilities, Weirdness & Mutations

You are immune to sickness and miasma.
Your stone body is resilient. (AC +4)
You are immune to poison.
You resist negative energy. (rN+)
You are resistant to electric shocks. (rElec)
You are resistant to unholy torment.
You are immune to petrification.


Message History

You start resting.
HP restored.
You pick up a book of Debilitation and begin reading...
You add the spells Corona, Slow, Inner Flame, Portal Projectile, Cause Fear and Leda's Liquefaction to your library.
Found a stone staircase leading down. 3 killer bees come into view.
The killer bee buzzes angrily. x2
A necrophage comes into view.
The killer bee moves out of view.
Found 11 gold pieces.
You block the killer bee's attack.
A killer bee comes into view.
The killer bee stings you!
The killer bee stings you but does no damage.
The killer bee buzzes angrily.
The killer bee stings you. You block the killer bee's attack.
You block the killer bee's attack. The killer bee stings you!
The killer bee stings you but does no damage.
You block the killer bee's attack. The killer bee stings you.
The killer bee barely misses you. You block the killer bee's attack.
It was a potion of flight.
You feel very buoyant.
You fly up into the air.
You block the killer bee's attack. The killer bee barely misses you.
It was a potion of invisibility.
You fade into invisibility!
The killer bee stings you.
* * * LOW HITPOINT WARNING * * *
You block the killer bee's attack.
You are very lightly contaminated with residual magic.
It was a potion of attraction.
You feel attractive to monsters. The killer bee stings you.
* * * LOW HITPOINT WARNING * * *
The killer bee stings you but does no damage.
The killer bee is pulled toward you! x2
The killer bee stings you!
You die...

#
#.#...........#.##...######
#
####.#######..#.##.........
# .. #..#.##......... # .##
# #....##......... #
#.#............... #
.###..###..####.##
..................
#.#.##..##..####....
#@###.##..........
#y###.##.#####....
#yy.y.....####...#
######.#..........
#...........#
#######..........#
.................#
#######..........#
#..........#


You could see 3 killer bees.

Vanquished Creatures
  A wyvern zombie (D:5)
  A jelly (D:5)
  2 hound skeletons
  4 adders
  An adder skeleton (D:2)
  3 worms
  A dart slug (D:4)
  2 orcs (D:3)
  8 ball pythons
  6 bats
  6 endoplasms
  5 giant cockroaches
  7 goblins
  7 hobgoblins
  4 jackals
  9 kobolds
  2 quokkas
  2 frilled lizards
  5 rats
76 creatures vanquished.

Vanquished Creatures (others)
  6 plants
6 creatures vanquished.

Grand Total: 82 creatures vanquished

Notes
Turn   | Place    | Note
-------+----------+-------------------------------------------
     0 | D:1      | bande the Gargoyle Fighter began the quest for the Orb.
     0 | D:1      | Reached XP level 1. HP: 14/14 MP: 1/1
    98 | D:1      | Reached XP level 2. HP: 19/19 MP: 2/2
   220 | D:1      | Found a faded altar of an unknown god.
   838 | D:1      | Reached XP level 3. HP: 21/23 MP: 3/3
  1643 | D:2      | Reached XP level 4. HP: 27/28 MP: 4/4
  2724 | D:3      | Reached XP level 5. HP: 4/32 MP: 5/5
  3528 | D:4      | Noticed a +0 short sword
  3530 | D:4      | Noticed a +0 spear
  3531 | D:4      | Noticed a +0 falchion
  3531 | D:4      | Noticed a +0 falchion
  3532 | D:4      | Noticed a +0 dagger
  3533 | D:4      | Noticed a +0 short sword
  3533 | D:4      | Noticed a +0 spear
  3533 | D:4      | Noticed a +0 dagger
  3545 | D:4      | Found a hide-covered altar of Uskayaw.
  4232 | D:5      | Entered Level 5 of the Dungeon
  4298 | D:5      | Reached XP level 6. HP: 9/38 MP: 6/6
  4574 | D:5      | Noticed a necrophage
  4590 | D:5      | Slain by a killer bee

Illustrated notes

Levels and vault maps discovered:
D:1:      minmay_arrival_plants_in_alcoves, layout_basic,
          chequers_ecumenical_altar_grove, st_stairs_1, serial_bayou_pond_b,
          minmay_pentomino_r2
D:2:      layout_basic
D:3:      layout_loops_corners, minmay_quadrilaterals
D:4:      layout_loops_ring, nicolae_uskayaw_en_pointe, serial_bayou,
          serial_bayou_shore_b, serial_bayou_pond_d, serial_bayou_pond_e,
          serial_bayou_lake_a, hex_tiny
D:5:      layout_basic, minmay_temple_entry_mist

Skill      XL: |  1  2  3  4  5 |
---------------+----------------+-----
Axes           | 2 3 |  3.6
Shields        | 4 |  4.5
Armour         | 4 |  4.6
Fighting       | |  3.8
Dodging        | |  0.9

Action                   |  1- 3 |  4- 6 || total
-------------------------+-------+-------++-------
Melee: War axe           |   118 |   150 ||   268
  Use: Scroll            |       |     7 ||     7
       Potion            |       |     7 ||     7
Armor: Scale mail        |    75 |    86 ||   161
Dodge: Dodged            |    50 |    58 ||   108
Block: Kite shield       |    79 |   104 ||   183

Table legend: (Time is in decaauts)
 A = Elapsed time spent in this place.
 B = Non-inter-level travel time spent in this place.
 C = Inter-level travel time spent in this place.
 D = Time resting spent in this place.
 E = Time spent auto-exploring this place.
 F = Levels seen in this place.
 G = Mean time per level.
                   A        B        C        D        E       F      G
               +--------+--------+--------+--------+--------+-----+--------+
         Total |   4793 |   4770 |     23 |    510 |   3514 |   5 |  958.6 |
       Dungeon |   4793 |   4770 |     23 |    510 |   3514 |   5 |  958.6 |
               +--------+--------+--------+--------+--------+-----+--------+

Top non-repeatable levels by time:
     D:3: 1302 daAuts
     D:1: 1221 daAuts
     D:2: 1000 daAuts
     D:4: 921 daAuts
     D:5: 348 daAuts
